 Dungeon Crawl Stone Soup version 0.25.1-2-g60ff931df9 (webtiles) character file.

Game seed: 17049087190045778067

12252 solopath the Carver (level 11, 0/87 HPs)
             Began as a Demonspawn Gladiator on Oct 28, 2020.
             Was a High Priest of Okawaru.
             Slain by an eight-headed hydra (10 damage)
             ... on level 11 of the Dungeon on Oct 29, 2020.
             The game lasted 00:28:06 (15250 turns).

solopath the Carver (Demonspawn Gladiator)         Turns: 15250, Time: 00:28:07

Health: 0/87       AC:  9    Str: 15    XL:     11   Next: 60%
Magic:  16/17      EV: 18    Int: 12    God:    Okawaru [*****.]
Gold:   822        SH: 10    Dex: 15    Spells: 10/10 levels left

rFire    + . .     SeeInvis .   S - +0 dagger
rCold    + + .     Gourm    .   e - +3 buckler
rNeg     . . .     Faith    .   H - +0 steam dragon scales
rPois    +         Spirit   .   (helmet restricted)
rElec    .         Reflect  .   v - scarf {rC+ rF+}
rCorr    .         Harm     .   (no gloves)
MR       +++..                  (no boots)
Stlth    ++++++....             s - amulet of the acrobat
HPRegen  0.24/turn              b - ring of protection from magic
MPRegen  0.15/turn              p - ring of stealth

@: heroism, studying Fighting
A: beak, talons 2, thin metallic scales 2, cold resistance 1, demonic guardian
1, magic resistance 2, poison resistance, MP-powered wands
a: Heroism, Finesse, Renounce Religion


You were on level 11 of the Dungeon.
You worshipped Okawaru.
Okawaru was extremely pleased with you.
You were not hungry.

You visited 2 branches of the dungeon, and saw 12 of its levels.
You also visited: Sewer and Bailey.

You collected 822 gold pieces.

Inventory:

Hand Weapons
 a - a +3 long sword of draining
 l - a +4 scimitar
 o - a +0 arbalest
 C - a +2 spear of venom
 F - a +3 arbalest
 P - the +3 great sword of the Unseen Realm {vorpal, *Rage rPois rF+ Int+2 Dex+4}
   (Okawaru gifted it to you on level 10 of the Dungeon)

   It inflicts extra damage upon your enemies.
   It affects your intelligence (+2).
   It affects your dexterity (+4).
   It protects you from fire.
   It protects you from poison.
   It may make you go berserk in combat.
 S - a +0 dagger (weapon)
Missiles
 d - 3 throwing nets (quivered)
 E - 251 bolts
Armour
 c - a +0 helmet
 e - a +3 buckler (worn)
 v - a scarf of resistance (worn)
 H - +0 steam dragon scales (worn)
Jewellery
 b - a ring of protection from magic (left hand)
 i - an uncursed ring of protection from fire
 n - an uncursed ring of magical power
 p - a ring of stealth (right hand)
 r - an uncursed ring of resist corrosion
 s - an amulet of the acrobat (around neck)
 u - an uncursed ring of see invisible
 y - an uncursed amulet of guardian spirit
 K - an uncursed ring of ice
Wands
 m - a wand of enslavement (9)
 z - a wand of digging (8)
 N - a wand of acid (28)
 R - a wand of random effects (25)
Scrolls
 h - 2 scrolls of fog
 k - 7 scrolls of enchant armour
 q - 18 scrolls of identify
 t - 10 scrolls of remove curse
 w - 3 scrolls of amnesia
 A - 3 scrolls of teleportation
 I - 2 scrolls of blinking
 J - a scroll of fear {unknown}
 L - a scroll of torment {unknown}
 M - a scroll of random uselessness {unknown}
 O - a scroll of holy word {unknown}
Potions
 g - a potion of curing
 j - 4 potions of brilliance
 x - 2 potions of flight
 D - 4 potions of stabbing
Books
 G - a manual of Fighting
Miscellaneous
 B - 2 phantom mirrors
Comestibles
 f - 11 rations
 Q - a chunk of flesh


   Skills:
 + Level 8.7(13.7) Fighting
 * Level 11.8(16.8) Long Blades
 - Level 1.7(6.7) Throwing
 + Level 3.5(8.5) Dodging
 + Level 6.8(11.8) Stealth
 + Level 5.6(10.6) Shields
 - Level 8.9 Invocations
 + Level 0.0 Evocations


You had 10 spell levels left.
You didn't know any spells.
Your spell library contained the following spells:

 Spells                   Type           Power        Failure   Level  Hunger
 Foxfire                  Conj/Fire      #...         32%         1    ##.....
 Infusion                 Chrm           #...         32%         1    ##.....
 Shroud of Golubria       Chrm/Tloc      #.....       45%         2    ###....
 Song of Slaying          Chrm           #.......     45%         2    ###....
 Conjure Flame            Conj/Fire      #.......     69%         3    ####...
 Inner Flame              Hex/Fire       #.......     69%         3    ####...
 Ozocubu's Armour         Chrm/Ice       #.......     69%         3    ####...
 Spectral Weapon          Hex/Chrm       #.......     69%         3    ####...
 Sticky Flame             Conj/Fire      #.......     97%         4    #####..
 Fireball                 Conj/Fire      #.........   100%        5    ######.


Dungeon Overview and Level Annotations

Branches:
Dungeon (11/15)            Temple (1/1) D:4            Lair (0/6) D:9
  Sewer (visited)          Bailey (visited)
    Orc: D:9-12

Altars:
Ashenzari
Cheibriados
Dithmenos
Elyvilon
Fedhas
Gozag
Hepliaklqana
Kikubaaqudgha
Makhleb
Nemelex Xobeh
Okawaru
Qazlal
Ru
Sif Muna
Trog
Uskayaw
Vehumet
Wu Jian
Xom
Yredelemnul
Zin
The Shining One


Innate Abilities, Weirdness & Mutations

You have razor-sharp toenails.
You are mostly covered in thin metallic scales. (AC +3)
Your flesh is cold resistant. (rC+)
A weak demonic guardian rushes to your aid.
You have a beak for a mouth.
You are highly resistant to hostile enchantments. (MR++)
Your system is resistant to poisons. (rPois)
You expend magic power (3 MP) to strengthen your wands.


Message History

The eight-headed hydra barely misses you.
You block the eight-headed hydra's attack.
The eight-headed hydra bites you. The eight-headed hydra bites you!
The eight-headed hydra bites you but does no damage.
The eight-headed hydra closely misses you.
The eight-headed hydra bites you.
The eight-headed hydra bites you but does no damage.
You hit the eight-headed hydra but do no damage.
You claw the eight-headed hydra.
The eight-headed hydra is severely wounded.
Your ufetubus barely misses the eight-headed hydra. x2
You barely miss the eight-headed hydra.
The eight-headed hydra is severely wounded.
The necrophage hits your ufetubus but does no damage.
The eight-headed hydra bites you!
* * * LOW HITPOINT WARNING * * *
The eight-headed hydra bites you!
* * * LOW HITPOINT WARNING * * *
The eight-headed hydra bites you!
You die...

......#..##..........#.....
........##................ .
##......(.............†...
#.##........(................
..........).................
#.......)..................
#.........##..............
#.........###............(
##......D@##..............
#....#.5.................#
.........n...................
###..............#.........##
#.........##...#.........#
#........## ...........).#
#........## ..#... .........#
.#.... #.......# ..


You could see an eight-headed hydra, a necrophage and a friendly ufetubus
(summoned).

Vanquished Creatures
  A two-headed ogre (D:10)
  An orc knight (Bailey)
  Joseph (D:9)
  Maurice (D:10)
  A gargoyle (D:8)
  Maggie (D:10)
  2 trolls
  A hippogriff (D:9)
  Grinder (D:4)
  A vampire (D:10)
  20 yaks
  A basilisk (D:10)
  2 steam dragons
  2 soldier ants
  2 ice beasts
  2 sky beasts
  11 orc warriors
  2 phantoms
  3 ogres
  6 centaurs
  2 big kobolds
  7 bullfrogs
  A wyvern zombie (D:9)
  2 scorpions
  13 killer bees (D:7)
  3 wights (D:8)
  A howler monkey (D:9)
  A crimson imp (D:7)
  2 centaur zombies
  2 quasits
  8 orc priests
  12 orc wizards
  3 hounds
  4 iguanas
  4 worker ants
  A merfolk siren (Sewer)
  A merfolk avatar (Sewer)
  A hound skeleton (D:4)
  2 worker ant zombies
  7 gnolls (D:2)
  20 adders
  3 river rats (Sewer)
  3 shadow imps
  An ooze (D:7)
  4 worms
  2 dart slugs
  10 leopard geckos
  54 orcs
  9 ball pythons
  13 giant cockroaches
  8 goblins
  9 hobgoblins
  21 jackals
  3 quokkas
  5 bats
  5 frilled lizards
  19 kobolds
  A quokka skeleton (D:10)
  27 rats
356 creatures vanquished.

Vanquished Creatures (collateral kills)
  An ice beast (D:10)
  A sky beast (D:9)
  A crimson imp (D:10)
  An orc (D:10)
4 creatures vanquished.

Grand Total: 360 creatures vanquished

Notes
Turn   | Place    | Note
-------+----------+-------------------------------------------
     0 | D:1      | solopath the Demonspawn Gladiator began the quest for the
                  | Orb.
     0 | D:1      | Reached XP level 1. HP: 16/16 MP: 1/1
   362 | D:1      | Reached skill level 3 in Long Blades
   484 | D:1      | Gained mutation: You are partially covered in thin metallic
                  | scales. (AC +2) [demonic ancestry]
   484 | D:1      | Reached XP level 2. HP: 9/22 MP: 2/2
   911 | D:1      | Reached skill level 1 in Shields
  1216 | D:2      | Reached XP level 3. HP: 11/27 MP: 3/3
  1446 | D:2      | Found a snail-covered altar of Cheibriados.
  1703 | D:2      | Found a sparkling altar of Nemelex Xobeh.
  1892 | D:2      | Reached skill level 4 in Long Blades
  1892 | D:2      | Gained mutation: You have sharp toenails. [demonic
                  | ancestry]
  1892 | D:2      | Reached XP level 4. HP: 33/33 MP: 4/4
  2300 | D:2      | Gained mutation: Your flesh is cold resistant. (rC+)
                  | [demonic ancestry]
  2300 | D:2      | Reached XP level 5. HP: 31/38 MP: 5/5
  2656 | D:3      | Reached skill level 5 in Long Blades
  3205 | D:3      | Reached XP level 6. HP: 37/44 MP: 6/6
  4136 | D:4      | Reached skill level 6 in Long Blades
  4552 | D:4      | Noticed Grinder
  4563 | D:4      | Paralysed by Grinder for 3 turns
  4575 | D:4      | Killed Grinder
  4575 | D:4      | Gained mutation: You have razor-sharp toenails. [demonic
                  | ancestry]
  4575 | D:4      | Reached XP level 7. HP: 27/50 MP: 7/7
  5172 | D:4      | Reached skill level 7 in Long Blades
  5199 | D:4      | Found a staircase to the Ecumenical Temple.
  5208 | Temple   | Entered the Ecumenical Temple
  5268 | Temple   | Became a worshipper of Warmaster Okawaru
  5748 | D:4      | Found a burning altar of Makhleb.
  5823 | D:5      | Entered Level 5 of the Dungeon
  5837 | D:5      | Found a glowing drain.
  5856 | D:5      | Gained mutation: You are mostly covered in thin metallic
                  | scales. (AC +3) [demonic ancestry]
  5856 | D:5      | Reached XP level 8. HP: 51/56 MP: 8/8
  5878 | Sewer    | Entered a sewer
  6064 | Sewer    | Gained mutation: You are resistant to hostile enchantments.
                  | (MR+) [potion of mutation]
  6064 | Sewer    | Gained mutation: Your muscles are strong. (Str +2) [potion
                  | of mutation]
  6064 | Sewer    | Gained mutation: You are frail. (-10% HP) [potion of
                  | mutation]
  6064 | Sewer    | Gained mutation: Your system is resistant to poisons.
                  | (rPois) [potion of mutation]
  6754 | D:5      | Reached skill level 5 in Shields
  6794 | D:4      | Reached skill level 8 in Long Blades
  6797 | D:4      | Reached skill level 1 in Invocations
  6941 | D:5      | Reached skill level 1 in Stealth
  7488 | D:5      | Reached * piety under Okawaru
  8014 | D:6      | Found a hazy altar of Hepliaklqana.
  8090 | D:6      | Lost mutation: Your muscles are strong. (Str +2) [potion of
                  | mutation]
  8090 | D:6      | Lost mutation: You are frail. (-10% HP) [potion of
                  | mutation]
  8090 | D:6      | Gained mutation: You are highly resistant to hostile
                  | enchantments. (MR++) [potion of mutation]
  8090 | D:6      | Gained mutation: You have a beak for a mouth. [potion of
                  | mutation]
  8090 | D:6      | Gained mutation: You expend magic power (3 MP) to
                  | strengthen your wands. [potion of mutation]
  8276 | D:6      | Reached XP level 9. HP: 59/64 MP: 11/11
  8461 | D:6      | Found a stormy altar of Qazlal.
  8721 | D:7      | Reached skill level 9 in Long Blades
  8814 | D:7      | Reached ** piety under Okawaru
  9179 | D:7      | Found a stormy altar of Qazlal.
  9316 | D:7      | Found a blossoming altar of Fedhas.
  9637 | D:7      | Reached skill level 5 in Invocations
 10199 | D:8      | Found a flagged portal.
 10214 | Bailey   | Entered a bailey
 10862 | Bailey   | Reached skill level 5 in Fighting
 10862 | Bailey   | Reached skill level 10 in Long Blades
 11187 | Bailey   | Gained mutation: A weak demonic guardian rushes to your
                  | aid. [demonic ancestry]
 11187 | Bailey   | Reached XP level 10. HP: 44/74 MP: 14/14
 11391 | Bailey   | Reached *** piety under Okawaru
 11447 | Bailey   | Got a slimy bardiche
 11448 | Bailey   | Found a roughly hewn altar of Beogh.
 11448 | Bailey   | Noticed an orc knight
 11744 | Bailey   | Killed an orc knight
 12184 | D:8      | Noticed a gargoyle
 12185 | D:8      | Noticed an unseen horror
 12185 | D:8      | Noticed a gargoyle
 12188 | D:8      | Reached skill level 5 in Stealth
 12217 | D:8      | Killed a gargoyle
 12611 | D:8      | Found the +10 dark maul {vorpal}
 12674 | D:9      | Noticed Joseph
 12695 | D:9      | Killed Joseph
 12695 | D:9      | Reached **** piety under Okawaru
 12943 | D:9      | Found a white marble altar of Elyvilon.
 12989 | D:9      | Found a shimmering blue altar of Sif Muna.
 13063 | D:9      | Found a bloodstained altar of Trog.
 13070 | D:9      | Reached skill level 11 in Long Blades
 13210 | D:9      | Reached ***** piety under Okawaru
 13214 | D:9      | Reached XP level 11. HP: 25/84 MP: 15/17
 13497 | D:9      | Found a staircase to the Lair.
 13699 | D:10     | Entered Level 10 of the Dungeon
 13744 | D:10     | Noticed Maggie
 13753 | D:10     | Killed Maggie
 13997 | D:10     | Noticed a two-headed ogre
 14003 | D:10     | Killed a two-headed ogre
 14337 | D:10     | Noticed Maurice
 14351 | D:10     | Killed Maurice
 14351 | D:10     | Received a gift from Okawaru
 14355 | D:10     | Got a brightly glowing great sword {god gift}
 14436 | D:10     | Identified the +3 great sword of the Unseen Realm {vorpal,
                  | *Rage rPois rF+ Int+2 Dex+4} (Okawaru gifted it to you on
                  | level 10 of the Dungeon)
 15230 | D:11     | Noticed an eight-headed hydra
 15250 | D:11     | Slain by an eight-headed hydra

Illustrated notes

Levels and vault maps discovered:
D:1:      elethiomel_arrival_shortcut, layout_loops_corners
D:2:      minmay_door_path, layout_loops_ring, lemuel_crystal_altar,
          lemuel_round_altar
D:3:      layout_basic, st_stairs_7
D:4:      layout_gridville, lightli_temple_of_fire, temple_hall, first_ration,
          uniq_grinder
D:5:      layout_loops_cross, gup_sewer_entry_glass,
          kennysheep_decorative_pillar
D:6:      layout_loops_ring, kennysheep_mini, basic_altar
D:7:      layout_cave_pods, grunt_qazlal_clouds, fedhas_bush_and_centaur_altar
D:8:      minmay_the_grid_triangle_9x9_recursive_2
          [minmay_the_grid_triangle_9x9_prize_top_heavy,
          minmay_the_grid_triangle_9x9_warning,
          minmay_the_grid_triangle_9x9_sprig,
          minmay_the_grid_triangle_9x9_odd_lines], layout_rooms, enter_bailey_2
D:9:      layout_basic, lemuel_doored_altar, nicolae_overflow_crystal_walls,
          old_standard_altar, dpeg_oklobed_lair, uniq_joseph
D:10:     layout_small_grid, uniq_maurice, uniq_maggie
D:11:     layout_layer_cave
Temple:   cyrus_circular_temple

Skill      XL: |  1  2  3  4  5  6  7  8  9 10 11 |
---------------+----------------------------------+-----
Long Blades    | 3 4 5 6 7 8 10 11 | 11.8
Shields        | 1 2 3 4 5 |  5.6
Invocations    | 3 5 8 |  8.9
Stealth        | 2 4 6 |  6.8
Fighting       | 3 5 7 8 |  8.7
Dodging        | 3 |  3.5
Throwing       | |  1.7

Action                   |  1- 3 |  4- 6 |  7- 9 | 10-12 || total
-------------------------+-------+-------+-------+-------++-------
Melee: Long sword        |    97 |   200 |   430 |   278 ||  1005
       Kick              |       |    54 |   122 |   131 ||   307
       Peck              |       |       |    36 |    92 ||   128
       Spear             |       |       |    52 |       ||    52
       Scimitar          |       |       |    34 |    90 ||   124
       Dagger            |       |       |       |    10 ||    10
Throw: Throwing net      |       |       |     2 |       ||     2
Invok: Heroism           |       |       |     4 |     6 ||    10
Evoke: Wand              |       |       |       |     1 ||     1
  Use: Scroll            |     7 |       |     7 |     1 ||    15
       Potion            |     5 |     3 |     8 |     2 ||    18
 Stab: Sleeping          |       |     3 |     2 |    10 ||    15
       Distracted        |       |       |       |     7 ||     7
  Eat: Chunk             |     3 |     9 |    19 |    13 ||    44
       Ration            |       |       |     1 |       ||     1
Armor: Leather armour    |    31 |    29 |   113 |     9 ||   182
       Skin              |    24 |     1 |       |       ||    25
       Steam dragon scal |       |       |       |    42 ||    42
Dodge: Dodged            |    62 |   131 |   365 |   148 ||   706
Block: Buckler           |    29 |    91 |   240 |   101 ||   461
       Rpst.: Long sword |    26 |    36 |    81 |    25 ||   168
       Scimitar          |       |       |     3 |    15 ||    18
